 Dungeon Crawl Stone Soup version 0.21.1-1-g345015f (webtiles) character file.

8038 Mgcat the Martial Artist (level 11, -7/83 HPs)
             Began as a Gnoll Transmuter on Mar 20, 2018.
             Was a High Priest of Okawaru.
             Mangled by Snorg (16 damage)
             ... on level 10 of the Dungeon.
             The game lasted 00:24:21 (8036 turns).

Mgcat the Martial Artist (Gnoll Transmuter)         Turns: 8036, Time: 00:24:22

Health: -7/83      AC:  6    Str: 15    XL:     11   Next: 24%
Magic:  18/22      EV: 34    Int: 17    God:    Okawaru [*****.]
Gold:   442        SH:  0    Dex: 25    Spells: 10/25 levels left

rFire    . . .     SeeInvis .     - Unarmed
rCold    . . .     Gourm    .   (shield currently unavailable)
rNeg     . . .     Faith    .   (armour currently unavailable)
rPois    x         Spirit   .   (helmet currently unavailable)
rElec    .         Reflect  .   (cloak currently unavailable)
rCorr    .         Harm     .   (gloves currently unavailable)
MR       .....                  (boots currently unavailable)
Stlth    +++++.....             p - amulet of magic regeneration
HPRegen  0.23/turn              n - +4 ring of protection
MPRegen  0.43/turn              D - ring of wizardry {Wiz+, !d}

@: agile, spider-form
A: tiny, distributed training, strong nose
a: End Transformation, Heroism, Finesse, Renounce Religion


You were on level 10 of the Dungeon.
You worshipped Okawaru.
Okawaru was extremely pleased with you.
You were not hungry.
You were a venomous arachnid creature.
You visited 2 branches of the dungeon, and saw 11 of its levels.

You collected 442 gold pieces.

Inventory:

Hand Weapons
 i - the +2 great mace of Mana (melded) {crush, rPois}
   (Okawaru gifted it to you on level 9 of the Dungeon)

   It inflicts extra damage upon your enemies.
   It protects you from poison.
Missiles
 a - 166 arrows
 H - a throwing net {=f, !d}
Armour
 b - a +0 robe
 k - a +1 buckler
   (You found it on level 2 of the Dungeon)
 o - a +0 robe (melded)
   (You found it on level 3 of the Dungeon)
 s - a +2 helmet (melded)
   (You found it on level 10 of the Dungeon)
 K - a cursed +1 cloak (melded)
   (You found it on level 9 of the Dungeon)
Jewellery
 g - an uncursed ring of flight {+Fly, !d}
   (You found it on level 1 of the Dungeon)
 n - a +4 ring of protection (left front leg)
   (You found it on level 5 of the Dungeon)
 p - an amulet of magic regeneration (around neck)
   (You found it on level 3 of the Dungeon)
 v - a +3 ring of strength
   (You found it on level 4 of the Dungeon)
 A - an uncursed ring of protection from cold {rC+, !d}
   (You found it on level 5 of the Dungeon)
 C - an uncursed amulet of rage {+Rage, !d}
   (You found it on level 9 of the Dungeon)
 D - a ring of wizardry (right front leg) {Wiz+, !d}
   (You found it on level 5 of the Dungeon)
 E - an uncursed ring of magical power {MP+9}
   (You found it on level 6 of the Dungeon)
 I - an uncursed ring of positive energy {rN+}
   (You found it on level 8 of the Dungeon)
Wands
 q - a wand of paralysis (36)
   (You found it on level 4 of the Dungeon)
 u - a wand of polymorph (15)
   (You found it on level 4 of the Dungeon)
 y - a wand of iceblast (11)
   (You found it on level 9 of the Dungeon)
 F - a wand of flame (50)
   (You found it on level 6 of the Dungeon)
Scrolls
 e - 3 scrolls of teleportation
 f - a scroll of fear {unknown}
 j - 3 scrolls of remove curse
 t - 3 scrolls of identify
 w - a scroll of magic mapping {!r}
 B - 2 scrolls of enchant weapon {unknown}
Potions
 h - a potion of agility
 l - a potion of brilliance
 m - a potion of cancellation
 r - 2 potions of curing
 x - a potion of magic
 z - 2 potions of flight
 J - a potion of haste {unknown}
Books
 c - a book of Changes
 G - a book of Debilitation
   (You found it on level 7 of the Dungeon)
Comestibles
 d - 14 rations


   Skills:
 + Level 6.6 Fighting
 + Level 6.0 Short Blades
 + Level 6.0 Long Blades
 + Level 6.0 Axes
 + Level 6.0 Maces & Flails
 + Level 6.0 Polearms
 + Level 6.0 Staves
 + Level 6.0 Slings
 + Level 6.0 Bows
 + Level 6.0 Crossbows
 + Level 6.0 Throwing
 + Level 6.0 Armour
 + Level 7.6 Dodging
 + Level 6.0 Stealth
 + Level 6.0 Shields
 + Level 9.0 Unarmed Combat
 + Level 7.9 Spellcasting
 + Level 5.0 Conjurations
 + Level 5.0 Hexes
 + Level 5.0 Charms
 + Level 5.0 Summonings
 + Level 5.0 Necromancy
 + Level 5.0 Translocations
 + Level 6.3 Transmutations
 + Level 5.0 Fire Magic
 + Level 5.0 Ice Magic
 + Level 5.0 Air Magic
 + Level 5.0 Earth Magic
 + Level 5.0 Poison Magic
 + Level 6.6 Invocations
 + Level 6.0 Evocations


You had 10 spell levels left.
You knew the following spells:

 Your Spells              Type           Power        Failure   Level  Hunger
a - Beastly Appendage     Tmut           ####..       1%          1    None
b - Sticks to Snakes      Tmut           ####....     2%          2    None
c - Spider Form           Tmut/Pois      ####......   4%          3    #......
d - Ice Form              Ice/Tmut       ####....     10%         4    ###....
e - Blade Hands           Tmut           ####......   19%         5    #####..


Dungeon Overview and Level Annotations

Branches:
Dungeon (10/15)            Temple (1/1) D:4            Lair (0/6) D:8
    Orc: D:9-12

Altars:
Ashenzari
Cheibriados
Dithmenos
Gozag
Hepliaklqana
Kikubaaqudgha
Makhleb
Okawaru
Sif Muna
Vehumet
Xom
The Shining One

Shops:
D:5 }   D:9 *

Annotations:
D:10 Snorg


Innate Abilities, Weirdness & Mutations

Your experience applies equally to all skills.
((You have very sharp teeth.))
Your uncanny sense of smell can sniff out nearby items.


Message History

Your Maces & Flails skill increases to level 6!
Your Polearms skill increases to level 6!
Your Staves skill increases to level 6!
Your Slings skill increases to level 6!
Your Bows skill increases to level 6!
Your Crossbows skill increases to level 6!
Your Throwing skill increases to level 6!
Your Armour skill increases to level 6!
Your Stealth skill increases to level 6!
Your Shields skill increases to level 6!
Your Evocations skill increases to level 6!
The phantom blinks!
You barely miss the phantom. You slash the phantom!
You bite the phantom, but do no damage.
The phantom is severely damaged.
You slash the phantom!
The phantom is almost destroyed.
The phantom hits you.
The phantom blinks!
You hit the phantom but do no damage. You bite the phantom.
The phantom is almost destroyed.
The phantom misses you.
You slash the phantom!
You destroy the phantom!
Okawaru accepts your kill.
Your transformation is almost over.
You open the door.
There is an open door here.
You open the door.
There is an open door here.
Your hands revert to their normal proportions.
The +2 great mace of Mana {crush, rPois} unmelds from your body.
A wraith comes into view.
You hear the faint creaking of a very distant portcullis.
Casting: Blade Hands
Confirm with . or Enter, or press ? or * to list all spells.
Your hands turn into razor-sharp scythe blades.
The +2 great mace of Mana {crush, rPois} melds into your body.
You slice the wraith!!
The wraith is severely damaged.
The wraith hits you!
You hit the wraith.
The wraith is almost destroyed.
The wraith barely misses you.
You slice the wraith!!
You destroy the wraith!
Okawaru accepts your kill.
Your Conjurations skill increases to level 5!
Your Hexes skill increases to level 5!
Your Charms skill increases to level 5!
Your Summonings skill increases to level 5!
Your Necromancy skill increases to level 5!
Your Translocations skill increases to level 5!
Your Fire Magic skill increases to level 5!
Your Ice Magic skill increases to level 5!
Your Air Magic skill increases to level 5!
Your Earth Magic skill increases to level 5!
Your Poison Magic skill increases to level 5!
Your transformation is almost over.
s - a shiny helmet Your hands revert to their normal proportions.
The +2 great mace of Mana {crush, rPois} unmelds from your body.
Wear which item? (? for menu, Esc to quit)
You start putting on your armour.
You continue putting on your shiny helmet. x4
You finish putting on your +2 helmet.
Marking area around Snorg as unsafe for travelling.
Snorg the Insatiable comes into view.
Unknown command.
Unknown command.
Unknown command.
Casting: Blade Hands
Confirm with . or Enter, or press ? or * to list all spells.
Your hands turn into razor-sharp scythe blades.
The +2 great mace of Mana {crush, rPois} melds into your body.
Snorg shouts!
Snorg goes berserk!
Your transformation is almost over.
Snorg rages.
You slash Snorg!
Snorg is lightly wounded.
Snorg bites you!! Snorg closely misses you. Snorg claws you!
You slice Snorg!!
Snorg is moderately wounded.
Snorg bites you but does no damage. Snorg barely misses you. Snorg claws you!
Snorg barely misses you. Snorg closely misses you. Snorg claws you!
* * * LOW HITPOINT WARNING * * *
You feel agile all of a sudden.
Snorg misses you. x2; Snorg claws you but does no damage.
Snorg misses you. Snorg completely misses you. Snorg closely misses you.
Snorg barely misses you. Snorg claws you!
* * * LOW HITPOINT WARNING * * *
Snorg completely misses you.
Casting: Blade Hands
Confirm with . or Enter, or press ? or * to list all spells.
Your hands revert to their normal proportions.
The +2 great mace of Mana {crush, rPois} unmelds from your body.
You turn into a venomous arachnid creature.
The +2 great mace of Mana {crush, rPois} melds into your body.
Your cursed +1 cloak melds into your body.
Your +2 helmet melds into your body.
Your +0 robe melds into your body.
Snorg closely misses you. Snorg completely misses you. Snorg claws you!
You die...

*******##########################
,,,,,,,,......,..................
,,,,,,,,,#...#*#...#......#*#....
,,,,,,,..#...# #...#......# #....
,,,,,,,,.....###...#......###....
,,,,*#####+#.......#.............
,,,,,..........Ts................
,,,,,.$##..#################.....
,,,,,>,*#.,,,,,,,,* #.##..
******,*#,,**,,,,,* #.##..
,,,***,**,,**,,,,,* #.##..
,,,,,,,,,,,**,,,<###########.....
,,,,,,,,,,,**,,,,#...........####
,,,,,,,,,,,*,,,,,#.#.....###.# *
*************,,,,#.#.....# #.# *


You could see Snorg (berserk).

Vanquished Creatures
  Pikel (D:4)
  The ghost of shugdite the Carver, a novice MiGl of Okawaru (D:5)
  A troll (D:9)
  A hornet (D:7)
  Prince Ribbit (D:8)
  3 hippogriffs
  A vampire (D:9)
  A wraith (D:10)
  8 yaks
  Menkaure (D:6)
  An acid dragon (D:7)
  2 porcupines
  A black bear (D:8)
  A slave (D:4)
  An eye of draining (D:9)
  A sky beast (D:6)
  3 orc warriors
  8 ogres
  A necrophage (D:10)
  A phantom (D:10)
  2 centaurs
  2 big kobolds
  5 bullfrogs
  4 scorpions
  16 killer bees
  3 wights (D:8)
  A centaur zombie (D:6)
  4 crimson imps
  3 hounds
  A bullfrog skeleton (D:7)
  A bullfrog zombie (D:7)
  2 centaur skeletons
  6 orc wizards
  4 orc priests
  A jelly (D:5)
  6 iguanas
  5 worker ants
  A killer bee zombie (D:8)
  A hound zombie (D:5)
  A worker ant zombie (D:9)
  A howler monkey zombie (D:8)
  4 gnolls (D:7)
  10 adders
  2 shadow imps
  2 oozes
  An adder skeleton (D:9)
  2 worms
  4 leopard geckos
  22 orcs
  5 giant cockroaches
  5 goblins
  5 hobgoblins
  8 jackals
  12 kobolds
  5 quokkas
  6 bats
  3 frilled lizards
  A jackal skeleton (D:8)
  A leopard gecko zombie (D:7)
  A quokka skeleton (D:7)
  A rat (D:2)
209 creatures vanquished.

Vanquished Creatures (collateral kills)
  Jessica (D:2)
  2 orcs (D:3)
3 creatures vanquished.

Vanquished Creatures (others)
  12 fungi (D:8)
  4 plants (D:8)
16 creatures vanquished.

Grand Total: 228 creatures vanquished

Notes
Turn   | Place    | Note
-------+----------+-------------------------------------------
     0 | D:1      | Mgcat the Gnoll Transmuter began the quest for the Orb.
     0 | D:1      | Reached XP level 1. HP: 17/17 MP: 6/6
   157 | D:1      | Reached XP level 2. HP: 13/23 MP: 5/7
   223 | D:1      | Learned a level 2 spell: Sticks to Snakes
   403 | D:2      | Reached XP level 3. HP: 28/28 MP: 6/9
   408 | D:2      | Learned a level 3 spell: Spider Form
   429 | D:2      | Reached skill level 5 in Spellcasting
   527 | D:2      | Reached skill level 1 in Invocations
   632 | D:2      | Noticed Jessica
   644 | D:2      | Killed Jessica
   644 | D:2      | Reached skill level 1 in Short Blades
   644 | D:2      | Reached skill level 1 in Long Blades
   644 | D:2      | Reached skill level 1 in Axes
   644 | D:2      | Reached skill level 1 in Maces & Flails
   644 | D:2      | Reached skill level 1 in Polearms
   644 | D:2      | Reached skill level 1 in Staves
   644 | D:2      | Reached skill level 1 in Slings
   644 | D:2      | Reached skill level 1 in Bows
   644 | D:2      | Reached skill level 1 in Crossbows
   644 | D:2      | Reached skill level 1 in Throwing
   644 | D:2      | Reached skill level 1 in Armour
   644 | D:2      | Reached skill level 1 in Stealth
   644 | D:2      | Reached skill level 1 in Shields
   644 | D:2      | Reached skill level 1 in Evocations
   644 | D:2      | Reached XP level 4. HP: 20/34 MP: 8/11
   940 | D:3      | Reached skill level 1 in Conjurations
   940 | D:3      | Reached skill level 1 in Hexes
   940 | D:3      | Reached skill level 1 in Charms
   940 | D:3      | Reached skill level 1 in Summonings
   940 | D:3      | Reached skill level 1 in Necromancy
   940 | D:3      | Reached skill level 1 in Translocations
   940 | D:3      | Reached skill level 1 in Fire Magic
   940 | D:3      | Reached skill level 1 in Ice Magic
   940 | D:3      | Reached skill level 1 in Air Magic
   940 | D:3      | Reached skill level 1 in Earth Magic
   940 | D:3      | Reached skill level 1 in Poison Magic
   949 | D:3      | HP: 8/34 [giant cockroach (2)]
  1260 | D:3      | Reached XP level 5. HP: 40/40 MP: 12/12
  1635 | D:4      | Noticed an ogre
  1645 | D:4      | Killed an ogre
  1645 | D:4      | Reached skill level 3 in Fighting
  1645 | D:4      | Reached skill level 4 in Transmutations
  1672 | D:4      | Noticed an ogre
  1678 | D:4      | HP: 8/41 [ogre/giant spiked club (7)]
  1679 | D:4      | Killed an ogre
  1679 | D:4      | Reached skill level 2 in Invocations
  1679 | D:4      | Reached XP level 6. HP: 9/47 MP: 12/14
  2031 | D:4      | Reached skill level 5 in Dodging
  2050 | D:4      | Reached skill level 2 in Short Blades
  2050 | D:4      | Reached skill level 2 in Long Blades
  2050 | D:4      | Reached skill level 2 in Axes
  2050 | D:4      | Reached skill level 2 in Maces & Flails
  2050 | D:4      | Reached skill level 2 in Polearms
  2050 | D:4      | Reached skill level 2 in Staves
  2050 | D:4      | Reached skill level 2 in Slings
  2050 | D:4      | Reached skill level 2 in Bows
  2050 | D:4      | Reached skill level 2 in Crossbows
  2050 | D:4      | Reached skill level 2 in Throwing
  2050 | D:4      | Reached skill level 2 in Armour
  2050 | D:4      | Reached skill level 2 in Stealth
  2050 | D:4      | Reached skill level 2 in Shields
  2050 | D:4      | Reached skill level 2 in Evocations
  2065 | D:4      | Found a staircase to the Ecumenical Temple.
  2090 | Temple   | Entered the Ecumenical Temple
  2141 | Temple   | Became a worshipper of Warmaster Okawaru
  2253 | D:4      | Noticed a slave
  2255 | D:4      | Noticed a slave
  2256 | D:4      | Noticed Pikel
  2259 | D:4      | Noticed a slave
  2262 | D:4      | Killed a slave
  2268 | D:4      | Noticed a slave
  2279 | D:4      | Killed Pikel
  2279 | D:4      | Reached * piety under Okawaru
  2279 | D:4      | Reached ** piety under Okawaru
  2279 | D:4      | Reached skill level 7 in Unarmed Combat
  2279 | D:4      | Reached skill level 2 in Conjurations
  2279 | D:4      | Reached skill level 2 in Hexes
  2279 | D:4      | Reached skill level 2 in Charms
  2279 | D:4      | Reached skill level 2 in Summonings
  2279 | D:4      | Reached skill level 2 in Necromancy
  2279 | D:4      | Reached skill level 2 in Translocations
  2279 | D:4      | Reached skill level 2 in Fire Magic
  2279 | D:4      | Reached skill level 2 in Ice Magic
  2279 | D:4      | Reached skill level 2 in Air Magic
  2279 | D:4      | Reached skill level 2 in Earth Magic
  2279 | D:4      | Reached skill level 2 in Poison Magic
  2279 | D:4      | Reached skill level 3 in Invocations
  2279 | D:4      | Reached XP level 7. HP: 40/53 MP: 15/15
  2279 | D:4      | Reached XP level 8. HP: 45/60 MP: 16/16
  2486 | D:5      | Entered Level 5 of the Dungeon
  2511 | D:5      | Found a shadowy altar of Dithmenos.
  2517 | D:5      | Learned a level 4 spell: Ice Form
  2523 | D:5      | Learned a level 5 spell: Blade Hands
  2571 | D:5      | Found a shimmering altar of Xom.
  2578 | D:5      | Found Soofar's Gadget Shop.
  2648 | D:5      | Reached skill level 4 in Fighting
  2648 | D:5      | Reached skill level 3 in Short Blades
  2648 | D:5      | Reached skill level 3 in Long Blades
  2648 | D:5      | Reached skill level 3 in Axes
  2648 | D:5      | Reached skill level 3 in Maces & Flails
  2648 | D:5      | Reached skill level 3 in Polearms
  2648 | D:5      | Reached skill level 3 in Staves
  2648 | D:5      | Reached skill level 3 in Slings
  2648 | D:5      | Reached skill level 3 in Bows
  2648 | D:5      | Reached skill level 3 in Crossbows
  2648 | D:5      | Reached skill level 3 in Throwing
  2648 | D:5      | Reached skill level 3 in Armour
  2648 | D:5      | Reached skill level 3 in Stealth
  2648 | D:5      | Reached skill level 3 in Shields
  2648 | D:5      | Reached skill level 3 in Evocations
  2829 | D:5      | Found a radiant altar of Vehumet.
  2840 | D:5      | Noticed shugdite's ghost (novice MiGl)
  2852 | D:5      | Reached skill level 6 in Spellcasting
  2885 | D:5      | Killed shugdite's ghost
  2885 | D:5      | Reached *** piety under Okawaru
  2891 | D:5      | Reached skill level 3 in Conjurations
  2891 | D:5      | Reached skill level 3 in Hexes
  2891 | D:5      | Reached skill level 3 in Charms
  2891 | D:5      | Reached skill level 3 in Summonings
  2891 | D:5      | Reached skill level 3 in Necromancy
  2891 | D:5      | Reached skill level 3 in Translocations
  2891 | D:5      | Reached skill level 3 in Fire Magic
  2891 | D:5      | Reached skill level 3 in Ice Magic
  2891 | D:5      | Reached skill level 3 in Air Magic
  2891 | D:5      | Reached skill level 3 in Earth Magic
  2891 | D:5      | Reached skill level 3 in Poison Magic
  2891 | D:5      | Reached skill level 4 in Invocations
  3042 | D:5      | Reached skill level 6 in Dodging
  3042 | D:5      | Reached XP level 9. HP: 20/66 MP: 16/18
  3234 | D:5      | Reached skill level 5 in Transmutations
  3611 | D:6      | Reached skill level 4 in Short Blades
  3611 | D:6      | Reached skill level 4 in Long Blades
  3611 | D:6      | Reached skill level 4 in Axes
  3611 | D:6      | Reached skill level 4 in Maces & Flails
  3611 | D:6      | Reached skill level 4 in Polearms
  3611 | D:6      | Reached skill level 4 in Staves
  3611 | D:6      | Reached skill level 4 in Slings
  3611 | D:6      | Reached skill level 4 in Bows
  3611 | D:6      | Reached skill level 4 in Crossbows
  3611 | D:6      | Reached skill level 4 in Throwing
  3611 | D:6      | Reached skill level 4 in Armour
  3611 | D:6      | Reached skill level 4 in Stealth
  3611 | D:6      | Reached skill level 4 in Shields
  3611 | D:6      | Reached skill level 4 in Evocations
  3731 | D:6      | Noticed Menkaure
  3735 | D:6      | HP: 15/67 [??? (13)]
  3745 | D:6      | Killed Menkaure
  4096 | D:6      | Reached skill level 5 in Fighting
  4630 | D:7      | Noticed a hornet
  4639 | D:7      | Killed a hornet
  4648 | D:7      | Reached skill level 8 in Unarmed Combat
  4889 | D:7      | Reached **** piety under Okawaru
  4977 | D:7      | Reached skill level 5 in Invocations
  5121 | D:7      | Reached XP level 10. HP: 58/74 MP: 20/20
  5405 | D:7      | Reached skill level 7 in Spellcasting
  5551 | D:8      | Reached skill level 4 in Conjurations
  5551 | D:8      | Reached skill level 4 in Hexes
  5551 | D:8      | Reached skill level 4 in Charms
  5551 | D:8      | Reached skill level 4 in Summonings
  5551 | D:8      | Reached skill level 4 in Necromancy
  5551 | D:8      | Reached skill level 4 in Translocations
  5551 | D:8      | Reached skill level 4 in Fire Magic
  5551 | D:8      | Reached skill level 4 in Ice Magic
  5551 | D:8      | Reached skill level 4 in Air Magic
  5551 | D:8      | Reached skill level 4 in Earth Magic
  5551 | D:8      | Reached skill level 4 in Poison Magic
  5742 | D:8      | Received a gift from Okawaru
  5838 | D:8      | Noticed Prince Ribbit
  5846 | D:8      | Killed Prince Ribbit
  5846 | D:8      | Reached skill level 5 in Short Blades
  5846 | D:8      | Reached skill level 5 in Long Blades
  5846 | D:8      | Reached skill level 5 in Axes
  5846 | D:8      | Reached skill level 5 in Maces & Flails
  5846 | D:8      | Reached skill level 5 in Polearms
  5846 | D:8      | Reached skill level 5 in Staves
  5846 | D:8      | Reached skill level 5 in Slings
  5846 | D:8      | Reached skill level 5 in Bows
  5846 | D:8      | Reached skill level 5 in Crossbows
  5846 | D:8      | Reached skill level 5 in Throwing
  5846 | D:8      | Reached skill level 5 in Armour
  5846 | D:8      | Reached skill level 5 in Stealth
  5846 | D:8      | Reached skill level 5 in Shields
  5846 | D:8      | Reached skill level 5 in Evocations
  5913 | D:8      | Reached ***** piety under Okawaru
  5928 | D:8      | Reached skill level 7 in Dodging
  6046 | D:8      | HP: 14/76 [orc priest/divine providence (16)]
  6070 | D:8      | Reached skill level 6 in Fighting
  6348 | D:8      | Found a staircase to the Lair.
  6561 | D:9      | Found Feekai's General Store.
  6652 | D:9      | Found a glowing golden altar of the Shining One.
  6769 | D:9      | Reached skill level 6 in Transmutations
  6769 | D:9      | Reached skill level 6 in Invocations
  7050 | D:9      | Reached XP level 11. HP: 33/82 MP: 19/22
  7335 | D:9      | Received a gift from Okawaru
  7338 | D:9      | Got a translucent great mace {god gift}
  7359 | D:9      | Identified the +2 great mace of Mana {crush, rPois} (Okawaru gifted it to you on level 9 of the Dungeon)
  7444 | D:9      | HP: 19/83 [yak (12)]
  7452 | D:9      | HP: 7/83 [yak (6)]
  7804 | D:9      | Reached skill level 9 in Unarmed Combat
  7940 | D:10     | Entered Level 10 of the Dungeon
  7956 | D:10     | Reached skill level 6 in Short Blades
  7956 | D:10     | Reached skill level 6 in Long Blades
  7956 | D:10     | Reached skill level 6 in Axes
  7956 | D:10     | Reached skill level 6 in Maces & Flails
  7956 | D:10     | Reached skill level 6 in Polearms
  7956 | D:10     | Reached skill level 6 in Staves
  7956 | D:10     | Reached skill level 6 in Slings
  7956 | D:10     | Reached skill level 6 in Bows
  7956 | D:10     | Reached skill level 6 in Crossbows
  7956 | D:10     | Reached skill level 6 in Throwing
  7956 | D:10     | Reached skill level 6 in Armour
  7956 | D:10     | Reached skill level 6 in Stealth
  7956 | D:10     | Reached skill level 6 in Shields
  7956 | D:10     | Reached skill level 6 in Evocations
  8000 | D:10     | Reached skill level 5 in Conjurations
  8000 | D:10     | Reached skill level 5 in Hexes
  8000 | D:10     | Reached skill level 5 in Charms
  8000 | D:10     | Reached skill level 5 in Summonings
  8000 | D:10     | Reached skill level 5 in Necromancy
  8000 | D:10     | Reached skill level 5 in Translocations
  8000 | D:10     | Reached skill level 5 in Fire Magic
  8000 | D:10     | Reached skill level 5 in Ice Magic
  8000 | D:10     | Reached skill level 5 in Air Magic
  8000 | D:10     | Reached skill level 5 in Earth Magic
  8000 | D:10     | Reached skill level 5 in Poison Magic
  8026 | D:10     | Noticed Snorg
  8035 | D:10     | HP: 8/83 [Snorg (16)]
  8036 | D:10     | Mangled by Snorg

Skill      XL: |  1  2  3  4  5  6  7  8  9 10 11 |
---------------+----------------------------------+-----
Spellcasting   | 5 6 7 |  7.9
Invocations    | 1 2 3 4 5 6 |  6.6
Short Blades   | 1 2 3 4 5 6 |  6.0
Long Blades    | 1 2 3 4 5 6 |  6.0
Axes           | 1 2 3 4 5 6 |  6.0
Maces & Flails | 1 2 3 4 5 6 |  6.0
Polearms       | 1 2 3 4 5 6 |  6.0
Staves         | 1 2 3 4 5 6 |  6.0
Slings         | 1 2 3 4 5 6 |  6.0
Bows           | 1 2 3 4 5 6 |  6.0
Crossbows      | 1 2 3 4 5 6 |  6.0
Throwing       | 1 2 3 4 5 6 |  6.0
Armour         | 1 2 3 4 5 6 |  6.0
Stealth        | 1 2 3 4 5 6 |  6.0
Shields        | 1 2 3 4 5 6 |  6.0
Evocations     | 1 2 3 4 5 6 |  6.0
Conjurations   | 1 2 3 4 5 |  5.0
Hexes          | 1 2 3 4 5 |  5.0
Charms         | 1 2 3 4 5 |  5.0
Summonings     | 1 2 3 4 5 |  5.0
Necromancy     | 1 2 3 4 5 |  5.0
Translocations | 1 2 3 4 5 |  5.0
Fire Magic     | 1 2 3 4 5 |  5.0
Ice Magic      | 1 2 3 4 5 |  5.0
Air Magic      | 1 2 3 4 5 |  5.0
Earth Magic    | 1 2 3 4 5 |  5.0
Poison Magic   | 1 2 3 4 5 |  5.0
Fighting       | 3 4 5 6 |  6.6
Transmutations | 4 5 6 |  6.3
Dodging        | 5 6 7 |  7.6
Unarmed Combat | 7 8 9 |  9.0

Action                   |  1- 3 |  4- 6 |  7- 9 | 10-12 || total
-------------------------+-------+-------+-------+-------++-------
Melee: Unarmed           |    73 |   106 |   222 |   273 ||   674
       Kick              |     6 |    10 |       |       ||    16
       Headbutt          |     4 |     4 |       |       ||     8
       Bite              |     3 |     4 |     1 |    11 ||    19
       Punch             |     1 |     2 |       |     3 ||     6
       Great mace        |       |       |       |     3 ||     3
 Cast: Beastly Appendage |    14 |    10 |       |     1 ||    25
       Sticks to Snakes  |     1 |     3 |     2 |       ||     6
       Spider Form       |       |     3 |    33 |    26 ||    62
       Ice Form          |       |       |     1 |       ||     1
       Blade Hands       |       |       |       |     8 ||     8
Invok: Heroism           |       |       |       |     1 ||     1
Evoke: Wand              |       |     1 |     3 |       ||     4
  Use: Scroll            |       |     1 |    11 |     5 ||    17
       Potion            |       |       |     2 |     3 ||     5
 Stab: Sleeping          |     1 |     1 |     9 |     6 ||    17
       Distracted        |       |       |       |     1 ||     1
  Eat: Chunk             |       |     5 |    11 |     8 ||    24
       Ration            |       |       |       |     2 ||     2
Armor: Robe              |     6 |     7 |       |     9 ||    22
       Skin              |       |       |     7 |    13 ||    20
Dodge: Dodged            |    56 |    62 |   177 |   262 ||   557
Block: Buckler           |       |     9 |     4 |     9 ||    22

Vault maps used:
D:1:      scummos_arrival_simple_crosswalls
D:2:      uniq_jessica
D:3:      corexii_shack
D:4:      minmay_temple_entry_junction, minmay_misc_feat_hallway, uniq_pikel
D:5:      minmay_diamond_boxcup, grunt_dithmenos_smoke_and_mirrors,
          serial_shops, kennysheep_little_box, basic_altar, first_ration,
          st_stairs_8, xom_teletrap_fun
D:6:      uniq_menkaure
D:7:      grunt_ogre_cave
D:8:      grunt_lair_entry_orc_guard_hut, uniq_prince_ribbit1
D:9:      serial_shops, nicolae_shop_crystal, nicolae_tso_carved_into_rock
D:10:     enter_bailey_2, basic_altar, uniq_nergalle, uniq_snorg
Temple:   roderic_octagonal_lattice_temple

Table legend:
 A = Turns spent in this place as a percentage of turns spent in the entire game.
 B = Non-inter-level travel turns spent in this place as a percentage of non-inter-level travel turns spent in the entire game.
 C = Inter-level travel turns spent in this place as a percentage of turns spent in this place.
 D = Turns resting spent in this place as a percentage of non-inter-level travel turns spent in this place.
 E = Turns spent auto-exploring this place as a percentage of non-inter-level travel turns spent in this place.
 F = Non-inter-level travel turns spent in this place divided by the number of levels of this place that you've seen.
                   A       B       C       D       E      F
               +-------+-------+-------+-------+-------+----------------------
         Total | 100.0 | 100.0 |   1.5 |   0.0 |  73.7 | 719.8
       Dungeon |  99.2 |  99.1 |   1.5 |   0.0 |  74.3 | 785.0
        Temple |   0.8 |   0.9 |   0.0 |   0.0 |   0.0 |  68.0
               +-------+-------+-------+-------+-------+----------------------

Table legend:
 A = Kills in this place as a percentage of kills in entire the game.
 B = Kills by you in this place as a percentage of kills by you in the entire game.
 C = Kills by friends in this place as a percentage of kills by friends in the entire game.
 D = Other kills in this place as a percentage of other kills in the entire game.
 E = Experience gained in this place as a percentage of experience gained in the entire game.
 F = Experience gained in this place divided by the number of levels of this place that you have seen.
                   A       B       C       D       E      F
               +-------+-------+-------+-------+-------+----------------------
         Total | 100.0 | 100.0 | 100.0 |   N/A | 100.0 | 1043.9
       Dungeon | 100.0 | 100.0 | 100.0 |   N/A | 100.0 | 1148.3
               +-------+-------+-------+-------+-------+----------------------
